 Dungeon Sprint DCSS version 0.18.1-5-g4a78601 (webtiles) character file.

962 pipel the Grand Gadgeteer (level 11, -1/64 HPs)
             Began as a Kobold Artificer on May 14, 2016.
             Was the Champion of Pakellas.
             Drowned by a water elemental (9 damage)
             ... in the Dungeon (Sprint VI: "Thunderdome").
             The game lasted 00:12:27 (985 turns).

pipel the Grand Gadgeteer (Kobold Artificer)         Turns: 985, Time: 00:12:27

Health: -1/64      AC:  6    Str: 15    XL:     11   Next: 33%
Magic:  26/33      EV: 28    Int: 11    God:    Pakellas [******]
Gold:   365        SH:  0    Dex: 26    Spells: 0 memorised, 13 levels left

rFire  . . .     SeeInvis .     a - +0 quick blade (flame)
rCold  + . .     Gourm    +     A - +0 leather armour
rNeg   + . .     Faith    .     (shield restricted)
rPois  .         Spirit   .     (no helmet)
rElec  .         Dismiss  .     (no cloak)
rCorr  .         Reflect  .     (no gloves)
SustAt .         Harm     .     (no boots)
MR     .....     NoTele   +     q - amulet of Quon Dia {Gourm MP+9 Dex+2}
Stlth  ++++++....               s - ring of the Queen {rC+ Str+3 Dex+3}
                                r - ring "Otas Neofo" {rN+ AC+3 Dex+4}

@: engulfed (cannot breathe), studying Polearms, not resistant to hostile
enchantments, very stealthy
A: carnivore 3
a: Quick Charge, Device Surge, Supercharge, Renounce Religion
}: 1/15 runes: decaying


You were in the Dungeon.
You worshipped Pakellas.
Pakellas was exalted by your worship.
You were completely stuffed.

You visited 1 branch You collected 1150 gold pieces.
You spent 785 gold pieces at shops.

Inventory:

Hand Weapons
 a - a +0 quick blade of flaming (weapon)
 b - a +0 morningstar
 x - a +0 short sword
Armour
 y - a +0 plate armour
 A - a +0 leather armour (worn)
Rods
 C - a +2 lightning rod (12/12)
   (Pakellas gifted it to you in the Dungeon)
Jewellery
 q - the amulet of Quon Dia (around neck) {Gourm MP+9 Dex+2}
   (You bought it in a shop in the Dungeon)

   [amulet of the gourmand]

   It allows you to eat raw meat even when not hungry.
   It affects your dexterity (+2).
   It affects your magic capacity (+9).
 r - the ring "Otas Neofo" (left hand) {rN+ AC+3 Dex+4}
   (You bought it in a shop in the Dungeon)

   [ring of protection]

   It affects your AC (+3).
   It affects your dexterity (+4).
   It protects you from negative energy.
 s - the ring of the Queen (right hand) {rC+ Str+3 Dex+3}
   (You bought it in a shop in the Dungeon)

   [ring of strength]

   It affects your strength (+3).
   It affects your dexterity (+3).
   It protects you from cold.
Wands
 c - a wand of flame (0/48)
 d - a wand of enslavement (11/24)
 e - a wand of random effects (0/48)
 n - a wand of acid (3/15)
 o - a wand of iceblast (3/15)
 t - a wand of polymorph (7/24)
 u - a wand of paralysis (13/24)
Scrolls
 l - 4 scrolls of blinking
 p - 3 scrolls of fog
Potions
 g - 2 potions of curing
 h - 3 potions of heal wounds
 i - 4 potions of haste
 j - 2 potions of magic
 k - a potion of berserk rage
 m - a potion of resistance
Books
 B - a manual of Polearms
Miscellaneous
 v - a box of beasts {used: 3}
 w - a fan of gales
Comestibles
 f - a meat ration
 z - 4 chunks of flesh


   Skills:
 + Level 5.8 Fighting
 + Level 4.4 Short Blades
 - Level 4.2 Maces & Flails
 + Level 3.8 Armour
 + Level 11.5 Dodging
 + Level 12.6 Stealth
 + Level 1.6 Spellcasting
 + Level 19.9 Evocations


You had 13 spell levels left.
You didn't know any spells.

Dungeon Overview and Level Annotations

Branches:
Dungeon (1/1)

Altars:
Cheibriados
Dithmenos
Fedhas
Gozag
Kikubaaqudgha
Makhleb
Okawaru
Pakellas
Qazlal
Ru
Sif Muna
Trog
Vehumet
Xom
Yredelemnul
Zin
The Shining One
Jiyva
Lugonu

Shops:
D *[%??*?*:[((!!!!


Innate Abilities, Weirdness & Mutations

You are small and have problems with some larger weapons.
You are carnivorous and can eat meat at any time.


Message History

* * * LOW HITPOINT WARNING * * *
Your lungs strain for air!
The water elemental completely misses you.
You take 7 damage, and have 16/64 hp.
Evoke which item? (* to show all) (? for menu, Esc to quit)
Zapping:
e - a wand of random effects (2/48)
Press: ? - help, Shift-Dir - straight line, f/p - water elemental
Aim: a water elemental (severely damaged)
The water elemental is unaffected.
This wand has 1 charge left.
* * * LOW HITPOINT WARNING * * *
Your lungs strain for air!
The water elemental completely misses you.
You take 8 damage, and have 8/64 hp.
Evoke which item? (* to show all) (? for menu, Esc to quit)
Zapping:
e - a wand of random effects (1/48)
Press: ? - help, Shift-Dir - straight line, f/p - water elemental
Aim: a water elemental (severely damaged)
The water elemental is unaffected.
This wand has 0 charges left.
You die...
Pakellas says: Time to start the next experiment...

#⌠...........⌠#
######.8......[..8.######
##∩___......###......_._∩##
#∩........8.# #.8........∩###
...........[###.............##
.†.).....###...###..........⌠#
....[....# #.<.# #..........⌠#
......[..###...###..........⌠#
............###.@...........##
#∩......).8.# #E8........∩###
##∩___......###........_∩##
######.8.........8.######
#⌠...........⌠#
###.........### #_......._#
#_........# #_......._#


You could see a water elemental.

Vanquished Creatures
  the Lernaean hydra (D)
  Sigmund (D)
  2 wraiths (D)
  2 orc warriors (D)
  7 dwarves (D)
  An ogre (D)
  A killer bee (D)
  2 wights (D)
  An orc priest (D)
  An iguana (D)
  6 oozes (D)
  A giant gecko (D)
  A bat skeleton (D)
  A rat (D)
  A spectral giant gecko (D)
  A spectral jackal (D)
  A spectral quokka (D)
31 creatures vanquished.

Vanquished Creatures (collateral kills)
  An orc priest (D)
1 creature vanquished.

Grand Total: 32 creatures vanquished

Notes
Turn   | Place    | Note
--------------------------------------------------------------
     0 | D        | pipel the Kobold Artificer began the quest for the Orb.
     0 | D        | Reached XP level 1. HP: 12/12 MP: 3/3
     1 | D        | Found a deep blue altar of Sif Muna.
     1 | D        | Found a blossoming altar of Fedhas.
     2 | D        | Found a shadowy altar of Dithmenos.
     2 | D        | Found a corrupted altar of Lugonu.
     3 | D        | Found an opulent altar of Gozag.
     3 | D        | Found a sacrificial altar of Ru.
     4 | D        | Found Naunke Nyru's Identification Station.
     4 | D        | Found an ancient bone altar of Kikubaaqudgha.
     4 | D        | Found a snail-covered altar of Cheibriados.
     4 | D        | Found Omauttew's Bee Food.
     5 | D        | Found Gauqidd's Advanced Armour.
     5 | D        | Found Syvvayra's Jewellery.
     5 | D        | Round 1.
     7 | D        | Found an oddly glowing altar of Pakellas.
    13 | D        | Bought a clouded lead amulet for 45 gold pieces
    13 | D        | Bought a bound bronze ring for 45 gold pieces
    13 | D        | Bought an ancient brass ring for 45 gold pieces
    13 | D        | Identified the amulet of Quon Dia {Gourm MP+9 Dex+2} (You bought it in a shop in the Dungeon)
    14 | D        | Identified the ring "Otas Neofo" {rN+ AC+3 Dex+4} (You bought it in a shop in the Dungeon)
    15 | D        | Identified the ring of the Queen {rC+ Str+3 Dex+3} (You bought it in a shop in the Dungeon)
    19 | D        | Noticed Sigmund
    22 | D        | Found a viscous altar of Jiyva.
    28 | D        | Killed Sigmund
    28 | D        | Reached skill level 5 in Dodging
    28 | D        | Reached skill level 11 in Evocations
    28 | D        | Reached XP level 2. HP: 17/17 MP: 4/8
    28 | D        | Reached XP level 3. HP: 21/21 MP: 4/10
    28 | D        | Reached XP level 4. HP: 26/26 MP: 4/11
    28 | D        | Reached XP level 5. HP: 30/30 MP: 4/13
    31 | D        | Found a basalt altar of Yredelemnul.
    31 | D        | Found an iron altar of Okawaru.
    32 | D        | Found a glowing silver altar of Zin.
    32 | D        | Found Yzynan's Magic Scroll Shop.
    32 | D        | Found Huluboj's Staff Store.
    33 | D        | Found Xetuol's Magic Scroll Shop.
    33 | D        | Found Ehyih's Must-Have Magic.
    37 | D        | Became a worshipper of Pakellas the Inventive
    42 | D        | Found a shimmering altar of Xom.
    44 | D        | Found a glowing golden altar of the Shining One.
    45 | D        | Found Matreget's Distillery.
    46 | D        | Found Bocleshroy's Distillery.
    46 | D        | Found Gaunits's Bottled Wisdom.
    47 | D        | Found a burning altar of Makhleb.
    47 | D        | Found Rubysecy's Do-It-Yourself Clinic.
    71 | D        | Found a stormy altar of Qazlal.
    79 | D        | Reached * piety under Pakellas
    79 | D        | Received a gift from Pakellas
    91 | D        | Arena points: 12 (+12) [x2]
    93 | D        | Found a bloodstained altar of Trog.
    93 | D        | Found a radiant altar of Vehumet.
    94 | D        | Found Haggoleg's Premium Goods.
    94 | D        | Found Ywnipa's Weapon Rack.
    95 | D        | Found Ofeuklu's Miscellaneous Merchandise.
    95 | D        | Found Naem's Basic Armour.
   137 | D        | Round 2.
   144 | D        | Reached ** piety under Pakellas
   144 | D        | Received a gift from Pakellas
   144 | D        | Reached XP level 6. HP: 35/35 MP: 10/14
   149 | D        | Reached *** piety under Pakellas
   149 | D        | Received a gift from Pakellas
   159 | D        | Arena points: 54 (+42) [x3]
   159 | D        | Reached skill level 12 in Evocations
   215 | D        | Round 3.
   216 | D        | Noticed an ogre
   220 | D        | Killed an ogre
   220 | D        | Reached **** piety under Pakellas
   220 | D        | Received a gift from Pakellas
   220 | D        | Reached skill level 5 in Stealth
   229 | D        | Reached skill level 13 in Evocations
   241 | D        | Noticed an orc warrior
   245 | D        | Noticed an orc warrior
   246 | D        | Killed an orc warrior
   246 | D        | Reached XP level 7. HP: 22/40 MP: 13/17
   249 | D        | Reached skill level 14 in Evocations
   316 | D        | Reached ***** piety under Pakellas
   316 | D        | Received a gift from Pakellas
   320 | D        | Arena points: 138 (+84) [x4]
   320 | D        | Reached skill level 1 in Armour
   376 | D        | Round 4.
   383 | D        | Noticed a wraith
   386 | D        | Killed a wraith
   386 | D        | Reached skill level 15 in Evocations
   386 | D        | Reached XP level 8. HP: 45/46 MP: 15/19
   395 | D        | Noticed a wraith
   404 | D        | Killed a wraith
   484 | D        | Reached ****** piety under Pakellas
   484 | D        | Arena points: 298 (+160) [x5]
   548 | D        | Round 5.
   551 | D        | Noticed the 27-headed Lernaean hydra
   557 | D        | Killed the 27-headed Lernaean hydra
   557 | D        | Arena points: 578 (+280) [x7]
   557 | D        | Reached skill level 19 in Evocations
   557 | D        | Reached XP level 9. HP: 53/53 MP: 22/22
   557 | D        | Reached XP level 10. HP: 58/58 MP: 23/23
   558 | D        | Got a decaying rune of Zot
   559 | D        | Reached skill level 5 in Fighting
   559 | D        | Reached skill level 1 in Spellcasting
   559 | D        | Reached XP level 11. HP: 64/64 MP: 23/24
   726 | D        | Round 6.
   778 | D        | Bought a +0 quick blade for 450 gold pieces
   845 | D        | Bought a scroll of brand weapon for 200 gold pieces
   872 | D        | Arena points: 962 (+384) [x8]
   934 | D        | Round 7.
   985 | D        | Drowned by a water elemental

Skill      XL: |  1  2  3  4  5  6  7  8  9 10 11 |
---------------+----------------------------------+-----
Fighting       | 2 3 4 5 |  5.8
Short Blades   | 2 3 4 |  4.4
Dodging        | 5 7 8 11 | 11.5
Stealth        | 4 5 6 11 12 | 12.6
Evocations     | 11 13 15 19 | 19.9
Armour         | 1 3 |  3.8
Maces & Flails | 3 4 |  4.2
Spellcasting   | 1 |  1.6

Action                   |  1- 3 |  4- 6 |  7- 9 | 10-12 || total
-------------------------+-------+-------+-------+-------++-------
Melee: Short sword       |     3 |    11 |     1 |     5 ||    20
       Morningstar       |       |       |    20 |       ||    20
       Quick blade       |       |       |       |    45 ||    45
Evoke: Wand              |     1 |    23 |    11 |     4 ||    39
       Rod               |       |       |     4 |       ||     4
       Box of beasts     |       |       |     3 |       ||     3
  Use: Potion            |       |       |     1 |     1 ||     2
       Scroll            |       |       |       |     1 ||     1
 Stab: Paralysed         |     3 |       |     1 |       ||     4
       Confused          |       |       |     3 |    10 ||    13
  Eat: Chunk             |       |     4 |     3 |     2 ||     9
Armor: Leather armour    |       |     1 |       |       ||     1
Dodge: Dodged            |       |    14 |    19 |    12 ||    45
